TOP OF THE 1ST |
Atlantic City Sonics batting - Pitching for Yakima Hops : RHP John Adams
|
Pitching: RHP John Adams
|
|
Batting: LHB Mark Evans
|
0-0: Ball 1-0: SINGLE (Groundball, 3S)
|
Batting: LHB Kip Burks
|
0-0: Called Strike 0-1: Ball 1-1: Swinging Strike 1-2: Ball 2-2: Ground out U3 (Groundball, 3S) Mark Evans to second
|
Batting: LHB Francisco Ortega
|
0-0: Fly out, F3 (Popup, 3S)
|
Batting: RHB Martín Álvarez
|
0-0: Called Strike 0-1: Swinging Strike 0-2: Hit by Pitch
|
Batting: LHB Pedro López
|
0-0: Ball 1-0: Fly out, F8 (Flyball, 8RM)
|
Top of the 1st over - 0 run(s), 1 hit(s), 0 error(s), 2 left on base; Atlantic City 0 - Yakima 0 |
BOTTOM OF THE 1ST |
Yakima Hops batting - Pitching for Atlantic City Sonics : RHP Carlos Ramos
|
Pitching: RHP Carlos Ramos
|
|
Batting: RHB Abraham Jacobs
|
0-0: Ball 1-0: Foul Ball, location: 2F 1-1: Ball 2-1: Ball 3-1: Foul Ball, location: 2F 3-2: Foul Ball, location: 2F 3-2: Foul Ball, location: 2F 3-2: Base on Balls
|
Batting: RHB António Delgado
|
0-0: Ball 1-0: Called Strike 1-1: Ball 2-1: Foul Ball, location: 2F 2-2: Foul Ball, location: 2F 2-2: SINGLE (Line Drive, 6D) Abraham Jacobs to second
|
Batting: RHB Michael Hart
|
0-0: Ball 1-0: Called Strike 1-1: Ball 2-1: Ball 3-1: DOUBLE (Line Drive, 89M) Abraham Jacobs scores António Delgado to third Runner from 3rd tries for Home, SAFE, no throw or cutoff
|
Batting: SHB Carlos Sánchez
|
0-0: Called Strike 0-1: Fly out, F5 (Popup, 5D)
|
Batting: RHB William Miles
|
0-0: Called Strike 0-1: Ball 1-1: Ball 2-1: Foul Ball, location: 2F 2-2: Ball 3-2: TRIPLE (Line Drive, 8LS) Michael Hart scores
|
Batting: RHB Gabriel Juárez
|
0-0: Ball 1-0: Ground out 4-3 (Groundball, 13) William Miles scores
|
Batting: RHB Edgar García
|
0-0: Ball 1-0: Fly out, F8 (Flyball, 8RM)
|
Bottom of the 1st over - 4 run(s), 3 hit(s), 0 error(s), 0 left on base; Atlantic City 0 - Yakima 4 |
TOP OF THE 2ND |
Atlantic City Sonics batting - Pitching for Yakima Hops : RHP John Adams
|
Batting: RHB César Ramírez
|
0-0: Ball 1-0: Ground out 5-3 (Groundball, 5S)
|
Batting: RHB Bob Ethridge
|
0-0: Called Strike 0-1: Called Strike 0-2: Foul Ball, location: 2F 0-2: Strikes out swinging
|
Batting: LHB Dale Parkinson
|
0-0: Ball 1-0: Ground out U3 (Groundball, 3)
|
Top of the 2nd over - 0 run(s), 0 hit(s), 0 error(s), 0 left on base; Atlantic City 0 - Yakima 4 |
BOTTOM OF THE 2ND |
Yakima Hops batting - Pitching for Atlantic City Sonics : RHP Carlos Ramos
|
Batting: RHB Juan Márquez
|
0-0: Ball 1-0: Ground out 4-3 (Groundball, 4)
|
Batting: RHB Manuel Martínez
|
0-0: Ground out 5-3 (Groundball, 5)
|
Batting: RHB Abraham Jacobs
|
0-0: Foul Ball, location: 2F 0-1: Ball 1-1: Ball 2-1: Foul Ball, location: 2F 2-2: Ball 3-2: Ground out 6-3 (Groundball, 6)
|
Bottom of the 2nd over - 0 run(s), 0 hit(s), 0 error(s), 0 left on base; Atlantic City 0 - Yakima 4 |
TOP OF THE 3RD |
Atlantic City Sonics batting - Pitching for Yakima Hops : RHP John Adams
|
Batting: RHB Chris Henderson
|
0-0: Ball 1-0: Ball 2-0: Ball 3-0: Called Strike 3-1: Bunted foul 3-2: Ground out 5-3 (Groundball, 56S)
|
Batting: LHB Mark Evans
|
0-0: Called Strike 0-1: Foul Ball, location: 2F 0-2: Ground out U3 (Groundball, 3S)
|
Batting: LHB Kip Burks
|
0-0: Ball 1-0: Foul Ball, location: 2F 1-1: Ball 2-1: SINGLE (Groundball, 4MD)
|
Batting: LHB Francisco Ortega
|
0-0: Called Strike 0-1: SINGLE (Groundball, 4MD) (infield hit) Kip Burks to second
|
Batting: RHB Martín Álvarez
|
0-0: Called Strike 0-1: Ball 1-1: Ball 2-1: Foul Ball, location: 2F 2-2: SINGLE (Groundball, 6MD) Kip Burks to third Francisco Ortega to second Runner from 3rd tries for Home, SAFE, no throw or cutoff
|
Batting: LHB Pedro López
|
0-0: Called Strike 0-1: Swinging Strike 0-2: SINGLE (Groundball, 6MD) Francisco Ortega to third Martín Álvarez to second Runner from 3rd tries for Home, SAFE, no throw or cutoff
|
Batting: RHB César Ramírez
|
0-0: Ball 1-0: Ball 2-0: Foul Ball, location: 2F 2-1: Ball 3-1: Foul Ball, location: 2F 3-2: Base on Balls Martín Álvarez to third Pedro López to second
|
Batting: RHB Bob Ethridge
|
0-0: Ball 1-0: Foul Ball, location: 2F 1-1: Foul Ball, location: 2F 1-2: Ball 2-2: Ground out 5-3 (Groundball, 15S)
|
Top of the 3rd over - 2 run(s), 4 hit(s), 0 error(s), 3 left on base; Atlantic City 2 - Yakima 4 |
BOTTOM OF THE 3RD |
Yakima Hops batting - Pitching for Atlantic City Sonics : RHP Carlos Ramos
|
Batting: RHB António Delgado
|
0-0: Foul Ball, location: 2F 0-1: Foul Ball, location: 2F 0-2: Hit by Pitch
|
Batting: RHB Michael Hart
|
0-0: Ball 1-0: SINGLE (Line Drive, 34D) António Delgado to second
|
Batting: SHB Carlos Sánchez
|
0-0: Foul Ball, location: 2F 0-1: Called Strike 0-2: Foul Ball, location: 2F 0-2: DOUBLE (Groundball, 5L) António Delgado scores Michael Hart to third
|
Batting: RHB William Miles
|
0-0: Ball 1-0: Ball 2-0: Called Strike 2-1: Called Strike 2-2: Strikes out swinging
|
Batting: RHB Gabriel Juárez
|
0-0: Ball 1-0: Fly out, F8 (Flyball, 8LM) Runner from 3rd tags up, OUT at HOME
|
Bottom of the 3rd over - 1 run(s), 2 hit(s), 0 error(s), 1 left on base; Atlantic City 2 - Yakima 5 |
TOP OF THE 4TH |
Atlantic City Sonics batting - Pitching for Yakima Hops : RHP John Adams
|
Batting: LHB Dale Parkinson
|
0-0: Foul Ball, location: 2F 0-1: Ball 1-1: DOUBLE (Line Drive, 7LD)
|
Batting: RHB Chris Henderson
|
0-0: Foul Ball, location: 2F 0-1: Foul Ball, location: 2F 0-2: Ball 1-2: Ball 2-2: Ball 3-2: Base on Balls
|
Batting: LHB Mark Evans
|
0-0: Ball Wild Pitch! Dale Parkinson to third Chris Henderson to second 1-0: Ground out 4-3 (Groundball, 4) Dale Parkinson scores Chris Henderson to third
|
Batting: LHB Kip Burks
|
0-0: Ball 1-0: Ball 2-0: Ball 3-0: Foul Ball, location: 2F 3-1: Base on Balls
|
Batting: LHB Francisco Ortega
|
0-0: Ball 1-0: Fly out, F3 (Popup, 3SF)
|
Batting: RHB Martín Álvarez
|
0-0: Ball 1-0: Ball 2-0: Ball 3-0: Called Strike 3-1: Fly out, F7 (Flyball, 78S)
|
Top of the 4th over - 1 run(s), 1 hit(s), 0 error(s), 2 left on base; Atlantic City 3 - Yakima 5 |
BOTTOM OF THE 4TH |
Yakima Hops batting - Pitching for Atlantic City Sonics : RHP Carlos Ramos
|
Batting: RHB Edgar García
|
0-0: SINGLE (Line Drive, 78S)
|
Batting: RHB Juan Márquez
|
0-0: Ball 1-0: Called Strike Edgar García is caught stealing 2nd base 1-1: Fly out, F9 (Flyball, 89M)
|
Batting: RHB Manuel Martínez
|
0-0: Ball 1-0: Swinging Strike 1-1: Foul Ball, location: 2F 1-2: Fly out, F5 (Popup, 5S)
|
Bottom of the 4th over - 0 run(s), 1 hit(s), 0 error(s), 0 left on base; Atlantic City 3 - Yakima 5 |
TOP OF THE 5TH |
Atlantic City Sonics batting - Pitching for Yakima Hops : RHP John Adams
|
Batting: LHB Pedro López
|
0-0: Ball 1-0: Foul Ball, location: 2F 1-1: Ground out 1-3 (Groundball, 13S)
|
Batting: RHB César Ramírez
|
0-0: Foul Ball, location: 2F 0-1: Ball 1-1: Ball 2-1: Foul Ball, location: 2F 2-2: Fly out, F8 (Flyball, 8LD)
|
Batting: RHB Bob Ethridge
|
0-0: Called Strike 0-1: Ball 1-1: Fly out, F9 (Line Drive, 9D)
|
Top of the 5th over - 0 run(s), 0 hit(s), 0 error(s), 0 left on base; Atlantic City 3 - Yakima 5 |
BOTTOM OF THE 5TH |
Yakima Hops batting - Pitching for Atlantic City Sonics : RHP Carlos Ramos
|
Batting: RHB Abraham Jacobs
|
0-0: Ball 1-0: Ball 2-0: Ball 3-0: Base on Balls
|
Batting: RHB António Delgado
|
0-0: Bunted foul 0-1: Ball 1-1: Sac Bunt - play at first, batter OUT! 3-4 Abraham Jacobs to second
|
Batting: RHB Michael Hart
|
0-0: Called Strike 0-1: Ball 1-1: Ball 2-1: Foul Ball, location: 2F 2-2: Ball 3-2: SINGLE (Groundball, 56D) Abraham Jacobs to third
|
Batting: SHB Carlos Sánchez
|
0-0: Called Strike 0-1: Ball 1-1: Fly out, F7 (Flyball, 78M) Runner from 3rd tags up, SCORES, no throw
|
Pitching: LHP Mitch Bowman
|
|
Batting: RHB William Miles
|
0-0: Ball 1-0: Ball 2-0: Foul Ball, location: 2F 2-1: Swinging Strike 2-2: Strikes out swinging
|
Bottom of the 5th over - 1 run(s), 1 hit(s), 0 error(s), 1 left on base; Atlantic City 3 - Yakima 6 |
TOP OF THE 6TH |
Atlantic City Sonics batting - Pitching for Yakima Hops : RHP John Adams
|
Batting: LHB Dale Parkinson
|
0-0: Called Strike 0-1: Ball 1-1: Called Strike 1-2: Strikes out swinging
|
Pitching: RHP Sean Sanford
|
|
Batting: RHB Chris Henderson
|
0-0: Ball 1-0: Ground out 1-3 (Groundball, 25)
|
Batting: LHB Mark Evans
|
0-0: SOLO HOME RUN (Flyball, 89XD), Distance : 397 ft
|
Batting: LHB Kip Burks
|
0-0: Ball 1-0: Swinging Strike 1-1: Ball 2-1: Ball 3-1: Swinging Strike 3-2: Base on Balls
|
Batting: LHB Francisco Ortega
|
0-0: SINGLE (Groundball, 4M) Kip Burks to second Kip Burks to third
|
Batting: RHB Martín Álvarez
|
0-0: Ball 1-0: Called Strike 1-1: Ball 2-1: Ball 3-1: Base on Balls Francisco Ortega to second
|
Batting: LHB Pedro López
|
0-0: Called Strike 0-1: Swinging Strike 0-2: Ball 1-2: Strikes out swinging
|
Top of the 6th over - 1 run(s), 2 hit(s), 0 error(s), 3 left on base; Atlantic City 4 - Yakima 6 |
BOTTOM OF THE 6TH |
Yakima Hops batting - Pitching for Atlantic City Sonics : LHP Mitch Bowman
|
Batting: RHB Gabriel Juárez
|
0-0: Ball 1-0: Ball 2-0: SINGLE (Line Drive, 89S)
|
Batting: RHB Edgar García
|
0-0: Bunt missed! 0-1: Sac Bunt - play at first, batter OUT! 5-4 Gabriel Juárez to second
|
Batting: RHB Juan Márquez
|
0-0: Foul Ball, location: 2F 0-1: Foul Ball, location: 2F 0-2: Foul Ball, location: 2F 0-2: Foul Ball, location: 2F 0-2: Strikes out swinging
|
Batting: RHB Manuel Martínez
|
0-0: Called Strike 0-1: SINGLE (Line Drive, 8RS) Gabriel Juárez to third
|
Batting: RHB Abraham Jacobs
|
0-0: Ball 1-0: Ball 2-0: Fly out, F9 (Flyball, 89M)
|
Bottom of the 6th over - 0 run(s), 2 hit(s), 0 error(s), 2 left on base; Atlantic City 4 - Yakima 6 |
TOP OF THE 7TH |
Atlantic City Sonics batting - Pitching for Yakima Hops : RHP Sean Sanford
|
Batting: RHB César Ramírez
|
0-0: Called Strike 0-1: Ball 1-1: Foul Ball, location: 2F 1-2: Strikes out looking
|
Batting: RHB Bob Ethridge
|
0-0: SINGLE (Line Drive, 4D)
|
Batting: LHB Dale Parkinson
|
0-0: Swinging Strike 0-1: Ground out 5-3 (Groundball, 15S) Bob Ethridge to second
|
Batting: RHB Chris Henderson
|
0-0: Ground out U3 (Groundball, 3S)
|
Top of the 7th over - 0 run(s), 1 hit(s), 0 error(s), 1 left on base; Atlantic City 4 - Yakima 6 |
BOTTOM OF THE 7TH |
Yakima Hops batting - Pitching for Atlantic City Sonics : LHP Mitch Bowman
|
Batting: RHB António Delgado
|
0-0: Fly out, F5 (Line Drive, 5S)
|
Batting: RHB Michael Hart
|
0-0: Called Strike 0-1: SINGLE (Flyball, 8LS)
|
Batting: SHB Carlos Sánchez
|
0-0: Ball 1-0: Ball 2-0: Called Strike 2-1: Called Strike 2-2: Fly out, F7 (Flyball, 7LM) 2-2: Fly out, F7 (Flyball, 7LM)
|
Batting: RHB William Miles
|
0-0: Called Strike 0-1: Reached on error, E1 (Groundball, 13) Michael Hart to second
|
Batting: RHB Gabriel Juárez
|
0-0: Foul Ball, location: 2F 0-1: Foul Ball, location: 2F 0-2: Ball 1-2: Foul Ball, location: 2F 1-2: Strikes out swinging
|
Bottom of the 7th over - 0 run(s), 1 hit(s), 1 error(s), 2 left on base; Atlantic City 4 - Yakima 6 |
TOP OF THE 8TH |
Atlantic City Sonics batting - Pitching for Yakima Hops : RHP Sean Sanford
|
Batting: LHB Mark Evans
|
0-0: Ball 1-0: Ground out 6-3 (Groundball, 6M)
|
Batting: LHB Kip Burks
|
0-0: Ball 1-0: Ball 2-0: Ball 3-0: Called Strike 3-1: Swinging Strike 3-2: Foul Ball, location: 2F 3-2: Ground out 4-3 (Groundball, 4)
|
Batting: LHB Francisco Ortega
|
0-0: Called Strike 0-1: Foul Ball, location: 2F 0-2: Reached on error, E6 (Groundball, 6M)
|
Batting: RHB Martín Álvarez
|
0-0: Called Strike 0-1: Ball 1-1: Called Strike 1-2: Ball 2-2: Ball 3-2: Strikes out swinging
|
Top of the 8th over - 0 run(s), 0 hit(s), 1 error(s), 1 left on base; Atlantic City 4 - Yakima 6 |
BOTTOM OF THE 8TH |
Yakima Hops batting - Pitching for Atlantic City Sonics : LHP Mitch Bowman
|
Batting: RHB Edgar García
|
0-0: Swinging Strike 0-1: Ball 1-1: Ball 2-1: Foul Ball, location: 2F 2-2: Foul Ball, location: 2F 2-2: Ball 3-2: Base on Balls
|
Pitching: LHP José Sandoval
|
|
Batting: RHB Juan Márquez
|
0-0: Ball 1-0: Called Strike 1-1: Foul Ball, location: 2F 1-2: Ball 2-2: Ball 3-2: Foul Ball, location: 2F 3-2: Foul Ball, location: 2F 3-2: Base on Balls Edgar García to second
|
Batting: RHB Manuel Martínez
|
0-0: Called Strike 0-1: Bunted foul 0-2: Ground out 4-3 (Groundball, 4S) Edgar García to third Juan Márquez to second
|
Batting: RHB Abraham Jacobs
|
0-0: Intentional Walk
|
Batting: RHB António Delgado
|
0-0: Fly out, F6 (Popup, 6MD)
|
Batting: RHB Michael Hart
|
0-0: Ball 1-0: Ball 2-0: Ball 3-0: Base on Balls Edgar García scores Juan Márquez to third Abraham Jacobs to second
|
Batting: SHB Carlos Sánchez
|
0-0: Called Strike 0-1: Fly out, F9 (Flyball, 89S)
|
Bottom of the 8th over - 1 run(s), 0 hit(s), 0 error(s), 3 left on base; Atlantic City 4 - Yakima 7 |
TOP OF THE 9TH |
Atlantic City Sonics batting - Pitching for Yakima Hops : RHP Sean Sanford
|
Pitching: RHP Júlio Maes
|
|
Batting: LHB Pedro López
|
0-0: Called Strike 0-1: Foul Ball, location: 2F 0-2: Strikes out swinging
|
Batting: RHB César Ramírez
|
0-0: Foul Ball, location: 2F 0-1: Ball 1-1: Swinging Strike 1-2: Foul Ball, location: 2F 1-2: Fly out, F9 (Flyball, 89S)
|
Batting: RHB Bob Ethridge
|
0-0: Ball 1-0: Swinging Strike 1-1: Ball 2-1: Ball 3-1: Base on Balls
|
Batting: LHB Dale Parkinson
|
0-0: TRIPLE (Groundball, 3L) Bob Ethridge scores
|
Pinch Hitting: RHB Jim Unknown
|
0-0: Ground out 2-3 (Groundball, 2R)
|
Top of the 9th over - 1 run(s), 1 hit(s), 0 error(s), 1 left on base; Atlantic City 5 - Yakima 7 |
|